 Dungeon Crawl Stone Soup version 0.32-a0-933-ga8fa3634e4 (webtiles) character file.

Game seed: 8140245744914857284

11171 Biggs the Grappler (level 11, -1/105 HPs)
             Began as a Troll Fighter on Apr 15, 2024.
             Was an Initiate of Wu Jian.
             Slain by an elephant (13 damage)
             ... on level 1 of the Lair of Beasts.
             The game lasted 00:22:56 (3823 turns).

Biggs the Grappler (Troll Fighter)                  Turns: 3823, Time: 00:22:56

Health: -1/105     AC: 15    Str: 34    XL:     11   Next: 45%
Magic:  10/10      EV:  8    Int:  6    God:    Wu Jian [......]
Gold:   229        SH: 15    Dex:  9    Spells: 10/10 levels left

rFire   . .          .
                       - Unarmed
rCold   . . .        b - +0 kite shield
rNeg    . . .        A - +0 acid dragon scales
rPois   .            (helmet restricted)
rElec   .            z - +2 cloak
rCorr   +            (gloves unavailable)
SInv    .            (boots unavailable)
Will    .....        i - amulet of reflection
Stlth   +            d - +4 ring of protection
HPRegen 1.17/turn    D - +6 ring of strength
MPRegen 0.12/turn

%: reflection
@: no status effects
A: large, unfitting armour, claws 3, regeneration 1, shaggy fur 1, tough skin 1
a: Renounce Religion


You were on level 1 of the Lair of Beasts.
You worshipped Wu Jian.
Wu Jian was noncommittal.
You visited 3 branches of the dungeon, and saw 12 of its levels.
You also visited: Ossuary.

You collected 273 gold pieces.
You spent 44 gold pieces at shops.

Inventory:

Armour
 b - a +0 kite shield (worn)
 r - a +2 robe of willpower
 z - a +2 cloak (worn)
 A - +0 acid dragon scales (worn)
Jewellery
 a - an amulet of the acrobat
 d - a +4 ring of protection (left claw)
 g - an amulet of regeneration
 i - an amulet of reflection (around neck)
 D - a +6 ring of strength (right claw)
Wands
 q - a wand of roots (8)
 y - a wand of paralysis (7)
 B - a wand of flame (6)
Scrolls
 e - a scroll of poison
 j - a scroll of fear {unknown}
 k - 2 scrolls of enchant armour
 n - 4 scrolls of noise
 t - 2 scrolls of blinking
 u - 2 scrolls of teleportation {unknown}
 w - a scroll of amnesia {unknown}
 x - 2 scrolls of vulnerability {unknown}
 C - a scroll of acquirement {unknown}
Potions
 c - 3 potions of might
 f - 4 potions of curing {unknown}
 h - 3 potions of enlightenment {unknown}
 l - 4 potions of heal wounds {unknown}
 m - 2 potions of lignification {unknown}
 o - 2 potions of brilliance {unknown}
 p - a potion of cancellation {unknown}
 s - 3 potions of resistance {unknown}
 v - 2 potions of mutation {unknown}
 E - a potion of haste {unknown}


   Skills:
 - Level 6.0 Fighting
 - Level 2.4 Dodging
 - Level 10.0 Shields
 + Level 13.7 Unarmed Combat


You had 10 spell levels left.
You didn't know any spells.
Your spell library contained the following spells:

 Spells                   Type           Power      Damage    Failure   Level
 Apportation              Tloc           0%         N/A       65%         1
 Magic Dart               Conj           0%         1d3       65%         1
 Necrotise                Necr           0%         1d4       65%         1
 Sting                    Conj/Alch      0%         1d3       65%         1
 Summon Small Mammal      Summ           0%         N/A       65%         1
 Searing Ray              Conj           0%         2d4       80%         2
 Animate Dead             Necr           0%         N/A       100%        4
 Fulminant Prism          Conj/Alch      0%         3d5       100%        4
 Haunt                    Necr/Summ      0%         N/A       100%        7
 Infestation              Necr           0%         N/A       100%        8


Dungeon Overview and Level Annotations

Branches:
Dungeon (10/15)            Temple (1/1) D:6            Lair (1/5) D:8
    Orc (0/2) D:9         Ossuary (visited)

Altars:
Ashenzari
Cheibriados
Dithmenos
Fedhas
Gozag
Hepliaklqana
Kikubaaqudgha
Makhleb
Nemelex Xobeh
Okawaru
Sif Muna
Trog
Uskayaw
Vehumet
Wu Jian
Xom
The Shining One

Shops:
D:4 ?


Innate Abilities, Weirdness & Mutations

You are too large for most types of armour.
You have claws for hands.
Your natural rate of healing is unusually fast.
You are covered in fur. (AC +1)
You have tough skin. (AC +1)


Message History

You scratch the elephant but do no damage.
The elephant is moderately wounded.
The elephant tramples you but does no damage.
The elephant trunk-slaps you but does no damage.
You scratch the elephant.
The elephant is heavily wounded.
The elephant tramples you.
* * * LOW HITPOINT WARNING * * *
You hold your ground!
The elephant trunk-slaps you but does no damage.
Unknown command.
You scratch the elephant.
The elephant is heavily wounded.
The elephant tramples you.
* * * LOW HITPOINT WARNING * * *
You hold your ground!
The elephant trunk-slaps you but does no damage.
Unknown command.
You claw the elephant!
The elephant is heavily wounded.
Unknown command.
You scratch the elephant but do no damage.
The elephant is heavily wounded.
You block the elephant's attack. x2
Unknown command.
You claw the elephant!
The elephant is severely wounded.
You block the elephant's attack.
The elephant trunk-slaps you but does no damage.
Unknown command.
You claw the elephant!
The elephant is severely wounded.
The elephant tramples you!
* * * LOW HITPOINT WARNING * * *
You hold your ground!
You block the elephant's attack.
Unknown command.
You scratch the elephant.
The elephant is almost dead.
The elephant tramples you!
You die...

.............#.##..# .....
....).........†....# .....
..........).#.##.#.#......
........^...#####.†#......
..........P## ##.#......
..........## #........
...........## ##........
............#####P........
..<.............@..#......
.................Y.#......
...................#......
.............###...##.....
..............##...# .....
.............##..... ....
#............##......
......................
.............$


You could see an elephant.

Vanquished Creatures
  A two-headed ogre (D:8)
  A boulder beetle (Lair:1)
  A salamander mystic (D:10)
  Pikel (D:8)
  An ugly thing (D:9)
  2 salamanders (D:10)
  Maurice (D:8)
  A black mamba (Lair:1)
  6 elephants
  A cane toad (Lair:1)
  A kobold demonologist (D:9)
  Grinder (D:3)
  Sigmund (D:6)
  A wraith (D:9)
  5 yaks
  Eustachio (D:4)
  Duvessa (D:6)
  2 acid dragons
  A water moccasin (Lair:1)
  A sky beast (D:8)
  3 orc warriors
  2 black bears
  2 ice beasts (D:7)
  2 ogres (D:5)
  A centaur (D:5)
  4 phantoms
  4 lemures (D:8)
  A kobold brigand (D:7)
  4 bullfrogs
  A scorpion (D:5)
  2 water moccasin zombies (Ossuary)
  A burial acolyte (Ossuary)
  Dowan (D:6)
  3 electric eels (D:10)
  A howler monkey (D:5)
  2 bombardier beetles (D:5)
  3 orc priests
  Crazy Yiuf (D:2)
  A gnoll bouda (D:6)
  A spectral scorpion (Ossuary)
  2 hounds
  4 iguanas
  A sleepcap (D:6)
  Natasha (D:2)
  5 orc wizards
  2 crocodile zombies (Ossuary)
  2 mummies (Ossuary)
  4 gnolls
  6 adders
  2 shadow imps (D:6)
  A white imp (D:7)
  5 adder zombies (Ossuary)
  2 dart slugs (D:3)
  A ribbon worm (D:4)
  22 orcs
  A ball python (D:4)
  2 bats (D:3)
  4 endoplasms
  3 giant cockroaches (D:4)
  12 gnoll zombies (Ossuary)
  4 goblins
  4 hobgoblins
  2 jackals (D:5)
  A quokka (D:1)
  A frilled lizard (D:3)
  2 goblin zombies (D:6)
  2 jackal zombies (Ossuary)
  6 kobolds
  6 orc zombies (Ossuary)
  3 rats
184 creatures vanquished.

Vanquished Creatures (others)
  2 orc wizards
  An orc (D:10)
3 creatures vanquished.

Grand Total: 187 creatures vanquished

Notes
Turn   | Place    | Note
-------+----------+-------------------------------------------
     0 | D:1      | Biggs the Troll Fighter began the quest for the Orb.
     0 | D:1      | Reached XP level 1. HP: 22/22 MP: 0/0
    48 | D:1      | Reached XP level 2. HP: 29/29 MP: 1/1
   164 | D:2      | Reached skill level 3 in Unarmed Combat
   164 | D:2      | Found a runed translucent door.
   165 | D:2      | Noticed Crazy Yiuf
   170 | D:2      | Killed Crazy Yiuf
   171 | D:2      | Reached skill level 4 in Unarmed Combat
   171 | D:2      | Reached XP level 3. HP: 15/36 MP: 2/2
   263 | D:2      | Noticed Natasha
   270 | D:2      | Killed Natasha
   271 | D:2      | Reached XP level 4. HP: 42/44 MP: 3/3
   424 | D:3      | Noticed Grinder
   439 | D:3      | Killed Grinder
   440 | D:3      | Reached skill level 6 in Unarmed Combat
   440 | D:3      | Reached XP level 5. HP: 45/50 MP: 4/4
   440 | D:3      | Reached XP level 6. HP: 54/59 MP: 5/5
   853 | D:4      | Found Ceysorus's Magic Scroll Shop.
   862 | D:4      | Reached skill level 7 in Unarmed Combat
   862 | D:4      | Bought a scroll of identify for 22 gold pieces
   862 | D:4      | Bought a scroll of identify for 22 gold pieces
   874 | D:4      | Noticed Eustachio
   956 | D:4      | Killed Eustachio
   957 | D:4      | Reached XP level 7. HP: 59/66 MP: 6/6
   983 | D:4      | Reached skill level 8 in Unarmed Combat
  1106 | D:5      | Entered Level 5 of the Dungeon
  1144 | D:5      | Reached skill level 9 in Unarmed Combat
  1336 | D:5      | Reached XP level 8. HP: 74/74 MP: 7/7
  1379 | D:5      | Reached skill level 10 in Unarmed Combat
  1422 | D:5      | Found a shadowy altar of Dithmenos.
  1638 | D:6      | Reached skill level 11 in Unarmed Combat
  1671 | D:6      | Noticed Dowan
  1672 | D:6      | Noticed Duvessa
  1686 | D:6      | Killed Duvessa
  1695 | D:6      | Killed Dowan
  1742 | D:6      | Found a sand-covered staircase.
  1752 | Ossuary  | Entered an ossuary
  1832 | Ossuary  | Reached XP level 9. HP: 85/85 MP: 8/8
  2021 | D:6      | Found a staircase to the Ecumenical Temple.
  2026 | Temple   | Entered the Ecumenical Temple
  2073 | D:6      | Noticed Sigmund
  2076 | D:6      | Killed Sigmund
  2077 | D:6      | Reached skill level 5 in Fighting
  2388 | D:7      | Found a shimmering blue altar of Sif Muna.
  2493 | D:8      | Noticed Pikel
  2525 | D:8      | Killed Pikel
  2553 | D:8      | Found an iron altar of Okawaru.
  2555 | D:8      | Noticed a two-headed ogre
  2570 | D:8      | Killed a two-headed ogre
  2584 | D:8      | Noticed Maurice
  2594 | D:8      | Something stole 150 gold
  2617 | D:8      | Paralysed by something for 3 turns
  2631 | D:8      | Killed Maurice
  2632 | D:8      | Reached XP level 10. HP: 50/98 MP: 1/9
  2723 | D:8      | Noticed an elephant
  2735 | D:8      | Killed an elephant
  2751 | D:8      | Found a staircase to the Lair.
  2947 | D:9      | Noticed a purple ugly thing
  2961 | D:9      | Killed a purple ugly thing
  3012 | D:9      | Found a staircase to the Orcish Mines.
  3136 | D:10     | Entered Level 10 of the Dungeon
  3300 | D:10     | Reached skill level 10 in Shields
  3353 | D:10     | Noticed a salamander
  3355 | D:10     | Noticed a salamander
  3355 | D:10     | Noticed a salamander mystic
  3371 | D:10     | Killed a salamander mystic
  3376 | D:10     | Killed a salamander
  3379 | D:10     | Killed a salamander
  3380 | D:10     | Reached skill level 12 in Unarmed Combat
  3380 | D:10     | Reached XP level 11. HP: 54/105 MP: 10/10
  3387 | D:10     | Found the +3 salamander hide armour {Flames, rFlCloud rF++
                  | rC--}
  3628 | D:10     | Found a blossoming altar of Fedhas.
  3628 | D:10     | Found an ornate altar of the Wu Jian Council.
  3629 | D:10     | Found a radiant altar of Vehumet.
  3636 | D:10     | Became a worshipper of the Wu Jian Council
  3720 | Lair:1   | Entered Level 1 of the Lair of Beasts
  3721 | Lair:1   | Noticed a boulder beetle
  3742 | Lair:1   | Killed a boulder beetle
  3790 | Lair:1   | Reached skill level 13 in Unarmed Combat
  3823 | Lair:1   | Slain by an elephant

Illustrated notes

Levels and vault maps discovered:
D:1:      lemuel_arrival_rhombus, layout_basic, st_stairs_4
D:2:      layout_basic, ebering_ecumenical_altar_abandoned, uniq_natasha,
          uniq_robin, uniq_crazy_yiuf_cottage
D:3:      layout_loops_ring, lemuel_zombie_altar_yredelemnul,
          minmay_misc_feat_diagonals, minmay_checkerbox, uniq_grinder
D:4:      layout_basic, serial_shops, nicolae_shop_rolling_square,
          uniq_eustachio
D:5:      layout_basic, mainiacjoe_overflow_surrounded_room,
          chequers_serial_rivers_micro_c
D:6:      layout_basic, nicolae_overflow_macrodata_refinement,
          minmay_temple_entry_wispy, enter_ossuary_4, uniq_duvessa, uniq_sigmund
D:7:      layout_gridville, nicolae_overflow_crystal_walls
D:8:      layout_basic, lemuel_crystal_altar, grunt_lair_entry_orc_guard_hut,
          uniq_amaemon, uniq_maurice, uniq_pikel
D:9:      layout_long_grid, orc_0_dummy, kennysheep_generic_room_4,
          uniq_prince_ribbit1
D:10:     layout_loops_ring, gammafunk_temple_overflow_claw, chequers_big_river,
          st_stairs_6, hellmonk_guarded_unrand_salamander
Temple:   chequers_temple_sunken
Lair:1:   layout_gridlike, kennysheep_rathole

Skill      XL: |  1  2  3  4  5  6  7  8  9 10 11 |
---------------+----------------------------------+-----
Unarmed Combat | 4 6 7 9 11 12 13 | 13.7
Fighting       | 4 6 |  6.0
Shields        | 7 10 | 10.0
Dodging        | |  2.4

Action                     |  1- 3 |  4- 6 |  7- 9 | 10-12 || total
---------------------------+-------+-------+-------+-------++-------
  Melee: Unarmed           |    47 |   145 |   279 |   208 ||   679
Ability: Lunge             |       |       |       |     4 ||     4
    Use: Scroll            |       |       |       |     5 ||     5
   Stab: Sleeping          |       |     3 |       |       ||     3
 Armour: Robe              |    27 |    97 |   122 |    32 ||   278
         Acid dragon scale |       |       |       |   147 ||   147
  Dodge: Dodged            |    12 |    46 |    45 |    47 ||   150
  Block: Kite shield       |    13 |   115 |   150 |   157 ||   435
         Reflection        |       |     3 |     8 |     6 ||    17

Table legend: (Time is in decaauts)
 A = Elapsed time spent in this place.
 B = Non-inter-level travel time spent in this place.
 C = Inter-level travel time spent in this place.
 D = Time resting spent in this place.
 E = Time spent auto-exploring this place.
 F = Levels seen in this place.
 G = Mean time per level.
                   A        B        C        D        E       F      G
               +--------+--------+--------+--------+--------+-----+--------+
         Total |   3766 |   3637 |    129 |      0 |      0 |  13 |  289.7 |
       Dungeon |   3489 |   3360 |    129 |      0 |      0 |  10 |  348.9 |
        Temple |     23 |     23 |      0 |      0 |      0 |   1 |   23.0 |
          Lair |     91 |     91 |      0 |      0 |      0 |   1 |   91.0 |
       Ossuary |    162 |    162 |      0 |      0 |      0 |   1 |  162.0 |
               +--------+--------+--------+--------+--------+-----+--------+

Top non-repeatable levels by time:
     D:4: 551 daAuts
    D:10: 507 daAuts
     D:5: 456 daAuts
     D:6: 419 daAuts
     D:8: 392 daAuts
     D:7: 306 daAuts
     D:9: 300 daAuts
     D:3: 234 daAuts
     D:2: 207 daAuts
 Ossuary: 162 daAuts
     D:1: 112 daAuts
  Lair:1: 91 daAuts
  Temple: 23 daAuts
